 Dungeon Crawl Stone Soup version 0.21-a0-634-gaf8bc5d (webtiles) character file.

1717 tilp the Destroyer (level 8, -15/66 HPs)
             Began as a White Draconian Conjurer on Dec 29, 2017.
             Was a Follower of Ashenzari.
             Demolished by an orc warrior
             ... wielding a +2 trident of piercing
              (22 damage)
             ... on level 6 of the Dungeon.
             The game lasted 00:22:10 (7094 turns).

tilp the Destroyer (White Draconian Conjurer)       Turns: 7094, Time: 00:22:11

Health: -15/66     AC:  7    Str: 11    XL:     8   Next: 74%
Magic:  1/14       EV: 12    Int: 18    God:    Ashenzari [*.....]
Gold:   48         SH:  0    Dex: 11    Spells: 1/15 levels left

rFire    . . .     SeeInvis .   m - +2 fustibalus (flame)
rCold    + . .     Gourm    .   (no shield)
rNeg     . . .     Faith    .   (armour unavailable)
rPois    .         Spirit   .   (helmet restricted)
rElec    .         Reflect  .   (no cloak)
rCorr    +         Harm     .   F - +0 pair of gloves
MR       .....                  (no boots)
Stlth    ++........             p - amulet of regeneration
HPRegen  0.61/turn              D - ring of resist corrosion
MPRegen  0.14/turn              (no ring)

@: no status effects
A: breathe frost, unfitting armour, cold resistance 1, cold-blooded, AC +6
a: Breathe Frost, Curse Item, Scrying, Renounce Religion


You were on level 6 of the Dungeon.
You worshipped Ashenzari.
Ashenzari was aware of your devotion.
You were hungry.

You visited 2 branches of the dungeon, and saw 7 of its levels.

You collected 210 gold pieces.
You spent 162 gold pieces at shops.

Inventory:

Hand Weapons
 g - a +0 dagger
 k - a +0 whip
 m - a +2 fustibalus of flaming (weapon)
 w - a +0 flail
 E - a +2 dagger of speed
Missiles
 e - 193 stones (quivered)
 f - 150 arrows
 y - 5 tomahawks
Armour
 F - a +0 pair of gloves (worn)
 I - a cursed +0 shield
Jewellery
 p - an amulet of regeneration (around neck)
 D - a ring of resist corrosion (left hand)
Wands
 B - a wand of iceblast (6)
Scrolls
 c - 10 scrolls of identify
 d - 7 scrolls of remove curse
 h - 3 scrolls of fear {unknown}
 i - 4 scrolls of random uselessness {unknown}
 l - a scroll of enchant armour {unknown}
 n - 2 scrolls of teleportation
 s - 2 scrolls of magic mapping
 t - a scroll of amnesia {unknown}
 v - 2 scrolls of fog
 G - a scroll of blinking {unknown}
 J - a scroll of noise {unknown}
Potions
 j - a potion of might {unknown}
 o - 3 potions of flight
 q - a potion of mutation {unknown}
 r - a potion of haste {unknown}
 u - a potion of heal wounds {unknown}
 x - a potion of brilliance {unknown}
 z - 3 potions of curing
 A - a potion of lignification
 C - 2 potions of berserk rage {unknown}
 H - a potion of degeneration {unknown}
Books
 a - a book of Conjurations

   Spells                             Type                      Level
   a - Magic Dart                     Conjuration                  1
   b - Searing Ray                    Conjuration                  2
   c - Dazzling Spray                 Conjuration/Hexes            3
   d - Fulminant Prism                Conjuration/Hexes            4
   e - Force Lance                    Conjuration/Translocation    4
   f - Iskenderun's Mystic Blast      Conjuration                  4
Comestibles
 b - 8 rations
 K - 6 chunks of flesh


   Skills:
 - Level 4.2 Fighting
 + Level 2.1 Slings
 - Level 1.7 Dodging
 - Level 1.7 Stealth
 + Level 4.1 Spellcasting
 - Level 10.1 Conjurations


You had one spell level left.
You knew the following spells:

 Your Spells              Type           Power        Failure   Level  Hunger
a - Magic Dart            Conj           ####         1%          1    None
b - Searing Ray           Conj           #####.       1%          2    ##.....
c - Dazzling Spray        Conj/Hex       ###...       5%          3    ###....
d - Iskenderun's Mystic   Conj           #####...     2%          4    ####...
e - Force Lance           Conj/Tloc      ###.....     19%         4    ####...


Dungeon Overview and Level Annotations

Branches:
Dungeon (6/15)             Temple (1/1) D:5

Altars:
Ashenzari
Cheibriados
Elyvilon
Fedhas
Gozag
Hepliaklqana
Kikubaaqudgha
Makhleb
Okawaru
Qazlal
Ru
Sif Muna
Trog
Uskayaw
Vehumet
Wu Jian
Xom
Yredelemnul
Zin
The Shining One

Shops:
D:4 ?   D:6 *

Annotations:
D:4 gold behind flame clouds


Innate Abilities, Weirdness & Mutations

You can breathe waves of freezing cold.
You can buffet flying creatures when you breathe cold.
Your icy white scales are hard. (AC +6)
You cannot fit into any form of body armour.
Your flesh is cold resistant. (rC+)
You are cold-blooded and may be slowed by cold attacks.


Message History

The orc warrior is severely wounded.
You finish channeling your searing ray.
The orc warrior misses you. The orc warrior closely misses you.
Casting: Searing Ray
Confirm with . or Enter, or press ? or * to list all spells.
Aiming: Searing Ray
Press: ? - help, Shift-Dir - straight line, f/p - orc warrior
Aim: an orc warrior, wielding a trident of piercing and wearing a plate armour (severely wounded)
The searing ray hits the orc warrior.
The orc warrior is severely wounded. (Press . to maintain the ray.)
Something hits you but does no damage.
The orc warrior hits you from afar with a trident of piercing!
The searing ray hits something.
Something hits you.
The orc warrior hits you from afar with a trident of piercing!
* * * LOW HITPOINT WARNING * * *
x2 Unknown command.
The searing ray hits something.
Something completely misses you.
The orc warrior hits you from afar with a trident of piercing!!
You die...

.# #..##..........# ##..### .#
#..###...##..##.. .. ##....#
.#.........###.## #..###.....###
....#####...#..# #........#....
...## ##.....# ........##.###
....# ##....#..###.#...#.....#
.#..####....###.....#...##...##
##..........# ##..##....#...##
.##......#####@{o......##...#
#.......##.).............##..
##.........###...#.#.........
#..###...##..### #....##....#####
...#......#...# #...###....##.##
##...........#.......#.####..##.#
#..........###.#...##.'_'..#..#
#.............##......###....#.
###.........##..#.......##....##.


You could see an orc warrior.

Vanquished Creatures
  A hungry ghost (D:6)
  A sky beast (D:6)
  An ice beast (D:5)
  A necrophage (D:6)
  A phantom (D:4)
  4 ogres
  2 bullfrogs (D:6)
  Blork the orc (D:6)
  2 scorpions
  A bullfrog zombie (D:5)
  2 orc priests
  2 hounds (D:6)
  5 orc wizards
  Jessica (D:3)
  4 worker ants
  A hound skeleton (D:6)
  A howler monkey zombie (D:6)
  9 adders
  A shadow imp (D:5)
  An adder skeleton (D:4)
  3 worms
  2 dart slugs
  4 leopard geckos
  9 orcs
  3 ball pythons
  6 giant cockroaches
  6 goblins
  9 hobgoblins
  6 jackals
  A quokka (D:2)
  A ball python skeleton (D:5)
  10 bats
  A frilled lizard (D:1)
  6 kobolds
  A leopard gecko skeleton (D:6)
  A leopard gecko zombie (D:4)
  8 rats
119 creatures vanquished.

Vanquished Creatures (others)
  An adder (D:4)
1 creature vanquished.

Grand Total: 120 creatures vanquished

Notes
Turn   | Place    | Note
-------+----------+-------------------------------------------
     0 | D:1      | tilp the Draconian Conjurer began the quest for the Orb.
     0 | D:1      | Reached XP level 1. HP: 14/14 MP: 3/3
   379 | D:1      | Reached XP level 2. HP: 20/20 MP: 0/5
  1051 | D:1      | Reached XP level 3. HP: 26/26 MP: 1/7
  1631 | D:2      | Learned a level 2 spell: Searing Ray
  1635 | D:2      | Learned a level 3 spell: Dazzling Spray
  2191 | D:2      | Reached XP level 4. HP: 33/33 MP: 8/8
  2226 | D:2      | Found a white marble altar of Elyvilon.
  2310 | D:2      | Reached skill level 5 in Conjurations
  3031 | D:3      | Noticed Jessica
  3035 | D:3      | Killed Jessica
  3035 | D:3      | Reached XP level 5. HP: 33/38 MP: 10/10
  3082 | D:3      | Learned a level 4 spell: Iskenderun's Mystic Blast
  3765 | D:4      | Found Ciugeisch's Magic Scroll Boutique.
  3779 | D:4      | Reached skill level 6 in Conjurations
  4091 | D:4      | Bought a scroll of remove curse for 36 gold pieces
  4091 | D:4      | Bought a scroll of teleportation for 36 gold pieces
  4091 | D:4      | Bought a scroll of magic mapping for 42 gold pieces
  4091 | D:4      | Bought a scroll of identify for 24 gold pieces
  4134 | D:4      | Noticed an ogre
  4138 | D:4      | Killed an ogre
  4138 | D:4      | Reached skill level 1 in Fighting
  4138 | D:4      | Reached skill level 1 in Slings
  4138 | D:4      | Reached XP level 6. HP: 47/47 MP: 8/12
  4684 | D:4      | Your scales start taking on an icy white colour.
  4684 | D:4      | Reached XP level 7. HP: 53/57 MP: 8/13
  4684 | D:4      | Gained mutation: Your flesh is cold resistant. (rC+) [White Draconian growth]
  5042 | D:4      | Bought a scroll of fog for 24 gold pieces
  5071 | D:5      | Entered Level 5 of the Dungeon
  5449 | D:5      | Found a glowing golden altar of the Shining One.
  5484 | D:5      | Found a staircase to the Ecumenical Temple.
  5494 | Temple   | Entered the Ecumenical Temple
  5502 | Temple   | Became a worshipper of Ashenzari the Shackled
  5663 | D:5      | Reached skill level 7 in Conjurations
  6005 | D:5      | Learned a level 4 spell: Force Lance
  6076 | D:5      | Found a hide-covered altar of Uskayaw.
  6077 | D:5      | Found a snail-covered altar of Cheibriados.
  6397 | D:6      | Found Tuqap's Assorted Antiques.
  6402 | D:6      | Noticed a hungry ghost
  6435 | D:6      | Killed a hungry ghost
  6435 | D:6      | Reached skill level 8 in Conjurations
  6435 | D:6      | Reached XP level 8. HP: 63/66 MP: 3/14
  6535 | D:6      | Noticed Blork the orc
  6544 | D:6      | Killed Blork the orc
  6633 | D:6      | Reached skill level 9 in Conjurations
  6695 | D:6      | Found a basalt altar of Yredelemnul.
  6940 | D:6      | Reached * piety under Ashenzari
  7049 | D:6      | Reached skill level 10 in Conjurations
  7094 | D:6      | Demolished by an orc warrior

Vault maps used:
D:1:      lemuel_arrival_tunnels
D:2:      old_standard_altar, first_ration
D:3:      minmay_misc_feat_more_columns, uniq_jessica
D:4:      serial_shops, shop_scrolls, lemuel_flame_loot_1
D:5:      marbit_many_paths, nicolae_overflow_hidden_temple, temple_hall
D:6:      kennysheep_mini, serial_shops, nicolae_shop_overgrown_old_shop,
          minmay_ruined_shrine, uniq_blork_the_orc
Temple:   nicolae_temple_no_exploring_needed

Skill      XL: |  1  2  3  4  5  6  7  8 |
---------------+-------------------------+-----
Spellcasting   | 3 4 |  4.1
Conjurations   | 5 6 8 10 | 10.1
Fighting       | 1 3 4 |  4.2
Slings         | 1 2 |  2.1
Dodging        | |  1.7
Stealth        | |  1.7

Action                   |  1- 3 |  4- 6 |  7- 9 || total
-------------------------+-------+-------+-------++-------
Melee: Whip              |    58 |       |       ||    58
       Dagger            |     2 |       |       ||     2
       Tailslap          |     5 |       |       ||     5
       Fustibalus        |       |       |     1 ||     1
 Fire: Fustibalus        |    28 |    89 |   133 ||   250
Throw: Stone             |    14 |       |       ||    14
 Cast: Magic Dart        |    60 |    19 |     4 ||    83
       Searing Ray       |       |     6 |    15 ||    21
       Iskenderun's Myst |       |       |     1 ||     1
 Abil: Breathe Frost     |       |       |     3 ||     3
  Use: Potion            |     2 |       |     1 ||     3
       Scroll            |       |       |     1 ||     1
  Eat: Chunk             |     5 |     5 |     9 ||    19
       Ration            |       |     1 |     1 ||     2
Armor: Skin              |    47 |    14 |    41 ||   102
Dodge: Dodged            |    60 |    28 |    69 ||   157

Table legend:
 A = Spawn XP
 B = Non-spawn XP
 C = Spawn XP percentage of total XP
 D = Spawn monster count
 E = Non-spawn monster count
 F = Spawn count percentage of total count
 G = Total turns spent on level
                    A         B        C        D         E        F      G
               +---------+---------+-------+---------+---------+-------+---------
         Total |       0 |    2454 |   0.0 |       0 |     119 |   0.0 |  7094
               +---------+---------+-------+---------+---------+-------+---------
           D:1 |       0 |      55 |   0.0 |       0 |      33 |   0.0 |  1572
           D:2 |       0 |      84 |   0.0 |       0 |      17 |   0.0 |  1135
           D:3 |       0 |     177 |   0.0 |       0 |      21 |   0.0 |  1001
           D:4 |       0 |     426 |   0.0 |       0 |      10 |   0.0 |  1363
           D:5 |       0 |     393 |   0.0 |       0 |      16 |   0.0 |  1105
           D:6 |       0 |    1319 |   0.0 |       0 |      22 |   0.0 |   899
               +---------+---------+-------+---------+---------+-------+---------
